 Dungeon Crawl Stone Soup version 0.20.0-15-g7f486f2 (webtiles) character file.

1431 greprep the Cudgeler (level 8, -5/70 HPs)
             Began as a Minotaur Fighter on June 17, 2017.
             Slain by an orc warrior
             ... wielding a +0 war axe
              (10 damage)
             ... on level 6 of the Dungeon.
             The game lasted 00:09:50 (6387 turns).

greprep the Cudgeler (Minotaur Fighter)             Turns: 6387, Time: 00:09:50

Health: -5/70      AC: 10    Str: 22    XL:     8   Next: 45%
Magic:  7/7        EV:  7    Int:  5    God:
Gold:   278        SH: 13    Dex: 11    Spells: 7/7 levels left

rFire    . . .     SeeInvis .   m - +2 flail (holy)
rCold    . . .     Gourm    .   x - +2 shield {AC+3}
rNeg     . . .     Faith    .   b - +0 scale mail
rPois    .         Spirit   .   (helmet restricted)
rElec    .         Reflect  .   (no cloak)
rCorr    .         Harm     .   (no gloves)
MR       .....                  (no boots)
Stlth    ..........             (no amulet)
Regen    0.3/turn               c - -2 ring of evasion (curse)
MPRegen  0.1/turn               (no ring)

@: no status effects
A: retaliatory headbutt, horns 2
a: no special abilities


You were on level 6 of the Dungeon.
You were not hungry.

You visited 1 branch of the dungeon, and saw 6 of its levels.
You also visited: Sewer.

You collected 278 gold pieces.

Inventory:

Hand Weapons
 m - a +2 flail of holy wrath (weapon)
Armour
 b - a +0 scale mail (worn)
 x - a +2 shield of protection (worn)
Jewellery
 c - a cursed -2 ring of evasion (left hand)
 y - a cursed ring of loudness {unknown}
Wands
 e - a wand of paralysis (17/24)
Scrolls
 d - 2 scrolls of blinking {unknown}
 f - 2 scrolls of magic mapping {unknown}
 h - 2 scrolls of enchant armour {unknown}
 i - 6 scrolls of teleportation {unknown}
 k - 12 scrolls of identify {unknown}
 l - 6 scrolls of remove curse {unknown}
 q - a scroll of fear {unknown}
 u - a scroll of enchant weapon {unknown}
 w - a scroll of amnesia {unknown}
Potions
 a - 2 potions of haste {unknown}
 g - 4 potions of curing {unknown}
 j - a potion of degeneration {unknown}
 n - 3 potions of berserk rage {unknown}
 o - 4 potions of flight {unknown}
 p - 2 potions of brilliance {unknown}
 r - a potion of lignification {unknown}
Books
 t - a book of Minor Magic

   Spells                             Type                      Level
   a - Magic Dart                     Conjuration                  1
   b - Blink                          Translocation                2
   c - Call Imp                       Summoning                    2
   d - Slow                           Hexes                        2
   e - Conjure Flame                  Conjuration/Fire             3
   f - Mephitic Cloud                 Conjuration/Poison/Air       3
Comestibles
 s - a royal jelly
 v - a meat ration
 z - 3 chunks of flesh


   Skills:
 + Level 6.2 Fighting
 + Level 7.2 Maces & Flails
 + Level 7.2 Armour
 - Level 2.2 Dodging
 + Level 7.1 Shields


You had 7 spell levels left.
You didn't know any spells.

Dungeon Overview and Level Annotations

Branches:
Dungeon (6/15)
 Temple: D:4-7

Altars:
Dithmenos
Uskayaw
Xom
Zin

Shops:
D:5 *


Innate Abilities, Weirdness & Mutations

You reflexively headbutt those who attack you in melee.
You have a pair of horns on your head.


Message History

The orc warrior is severely wounded.
You block the orc's attack. You block the orc warrior's attack.
You barely miss the orc warrior. You headbutt the orc warrior.
The orc warrior is almost dead.
The orc closely misses you.
You hit the orc warrior.
The orc warrior is almost dead.
The orc warrior barely misses you.
The orc hits you from afar with a trident.
* * * LOW HITPOINT WARNING * * *
You closely miss the orc warrior.
The orc warrior is almost dead.
You block the orc warrior's attack.
The orc hits you from afar with a trident.
* * * LOW HITPOINT WARNING * * *
You barely miss the orc warrior.
You headbutt the orc warrior, but do no damage.
The orc warrior is almost dead.
The orc warrior hits you with a war axe!
You die...

# ###### #.# ......#
#####.### #.....
#.....<.##
#....)#####........###
#....).oo@............
#.....#####..##.#..#
....... #..#.....#
..##..# #...)....# .
#.. ####)[)### #..
##.## #. #.# #. #.#
##'##


You could see an orc warrior and an orc.

Vanquished Creatures
  Grinder (D:3)
  An ice beast (D:5)
  An orc warrior (D:6)
  3 ogres
  A centaur (D:5)
  Blork the orc (D:4)
  A bullfrog (D:4)
  2 scorpions
  The ghost of ThereIsNoGod the Chiller, a weakling OpIE (D:3)
  3 orc priests (D:6)
  A hound (D:5)
  Terence (D:3)
  An orc wizard (D:6)
  A worker ant zombie (D:5)
  6 adders
  8 gnolls
  A shadow imp (D:4)
  3 oozes
  An adder skeleton (D:4)
  7 worms
  3 dart slugs (D:1)
  2 leopard geckos
  10 orcs
  3 ball pythons
  9 giant cockroaches
  7 goblins
  6 hobgoblins
  8 jackals
  12 kobolds
  3 quokkas
  11 bats
  2 frilled lizards
  A jackal skeleton (D:4)
  A leopard gecko skeleton (D:4)
  16 rats
139 creatures vanquished.

Notes
Turn   | Place    | Note
-------+----------+-------------------------------------------
     0 | D:1      | greprep the Minotaur Fighter began the quest for the Orb.
     0 | D:1      | Reached XP level 1. HP: 19/19 MP: 0/0
    62 | D:1      | Reached XP level 2. HP: 16/27 MP: 1/1
   613 | D:1      | Reached XP level 3. HP: 33/33 MP: 2/2
  1237 | D:1      | Reached XP level 4. HP: 9/40 MP: 3/3
  2481 | D:3      | Reached XP level 5. HP: 36/46 MP: 4/4
  2507 | D:3      | Noticed Grinder
  2507 | D:3      | Paralysed by Grinder for 4 turns
  2528 | D:3      | Paralysed by Grinder for 4 turns
  2536 | D:3      | Killed Grinder
  2536 | D:3      | Reached skill level 5 in Armour
  2536 | D:3      | Reached skill level 1 in Dodging
  2536 | D:3      | Reached skill level 5 in Shields
  2536 | D:3      | Reached XP level 6. HP: 42/53 MP: 5/5
  2657 | D:3      | Noticed ThereIsNoGod's ghost (weakling OpIE)
  2662 | D:3      | Killed ThereIsNoGod's ghost
  2691 | D:3      | Reached skill level 5 in Maces & Flails
  2822 | D:3      | Noticed Terence
  2828 | D:3      | Killed Terence
  2903 | D:3      | Found a shimmering altar of Xom.
  2903 | D:3      | Found a hide-covered altar of Uskayaw.
  2946 | D:3      | Found a glowing drain.
  2960 | Sewer    | Entered a sewer
  4049 | D:4      | Found a shadowy altar of Dithmenos.
  4162 | D:4      | Reached XP level 7. HP: 37/60 MP: 6/6
  4865 | D:3      | Reached skill level 5 in Fighting
  5320 | D:4      | Noticed Blork the orc
  5327 | D:4      | Killed Blork the orc
  5547 | D:5      | Entered Level 5 of the Dungeon
  5580 | D:5      | Found Zin's Purification Station.
  5588 | D:5      | Found a glowing silver altar of Zin.
  5723 | D:5      | Reached XP level 8. HP: 60/69 MP: 7/7
  6387 | D:6      | Slain by an orc warrior

Skill      XL: |  1  2  3  4  5  6  7  8 |
---------------+-------------------------+-----
Fighting       | 4 5 6 |  6.2
Shields        | 4 5 6 7 |  7.1
Maces & Flails | 3 4 5 6 7 |  7.2
Armour         | 4 5 6 7 |  7.2
Dodging        | 1 2 |  2.2

Action                   |  1- 3 |  4- 6 |  7- 9 || total
-------------------------+-------+-------+-------++-------
Melee: Flail             |    71 |   203 |   116 ||   390
       Headbutt          |     8 |    34 |    19 ||    61
  Use: Potion            |     1 |       |       ||     1
  Eat: Bread ration      |       |     2 |       ||     2
       Chunk             |       |     2 |     7 ||     9
Armor: Scale mail        |    39 |    93 |    24 ||   156
Dodge: Dodged            |    26 |    82 |    25 ||   133
Block: Shield            |    46 |   114 |    64 ||   224
